 Dungeon Crawl Stone Soup version 0.27-a0-54-g64bdb92e38 (webtiles) character file.

Game seed: 14871731956181632440

198 runemasterragnar the Skirmisher (level 5, -4/61 HPs)
             Began as an Ogre Monk on Jan 8, 2021.
             Slain by an ogre
             ... wielding a +0 giant club
              (17 damage)
             ... on level 4 of the Dungeon.
             The game lasted 00:04:01 (6061 turns).

runemasterragnar the Skirmisher (Ogre Monk)         Turns: 6061, Time: 00:04:02

Health: -4/61      AC:  3    Str: 15    XL:     5   Next: 77%
Magic:  5/5        EV: 11    Int: 12    God:
Gold:   148        SH:  0    Dex: 11    Spells: 4/4 levels left

rFire    . . .     SeeInvis .   a - +0 hand axe
rCold    . . .     Faith    .   (no shield)
rNeg     . . .     Spirit   .   b - +0 robe
rPois    .         Reflect  .   (helmet restricted)
rElec    .         Harm     .   (no cloak)
rCorr    .         Rampage  .   (gloves unavailable)
Will     .....                  (boots unavailable)
Stlth    ++........             (no amulet)
HPRegen  0.20/turn              (no ring)
MPRegen  0.09/turn              (no ring)

@: no status effects
A: large, unfitting armour, tough skin 1
a: no special abilities


You were on level 4 of the Dungeon.
You visited 1 branch of the dungeon, and saw 4 of its levels.

You collected 148 gold pieces.

Inventory:

Hand Weapons
 a - a +0 hand axe (weapon)
Armour
 b - a +0 robe (worn)
Jewellery
 j - an uncursed ring of magical power {unknown}
 k - an uncursed amulet of guardian spirit {unknown}
 n - a +4 ring of protection {unknown}
 o - a cursed ring of attention {unknown}
Scrolls
 c - 2 scrolls of remove curse {unknown}
 d - 3 scrolls of identify {unknown}
 e - 3 scrolls of teleportation {unknown}
 g - 2 scrolls of noise {unknown}
 i - a scroll of enchant armour {unknown}
 l - a scroll of immolation {unknown}
 m - 2 scrolls of magic mapping {unknown}
Potions
 f - 2 potions of haste {unknown}
 h - a potion of flight {unknown}
 p - 2 potions of brilliance {unknown}


   Skills:
 * Level 6.5 Fighting
 + Level 4.0 Axes
 + Level 3.6 Dodging
 - Level 1.4 Stealth


You had 4 spell levels left.
You didn't know any spells.
Your spell library was empty.

Dungeon Overview and Level Annotations

Branches:
Dungeon (4/15)
 Temple: D:4-7

Altars:
Elyvilon
Wu Jian
Zin


Innate Abilities, Weirdness & Mutations

You are too large for most types of armour.
You have tough skin. (AC +1)


Message History

The ogre hits you with a +0 giant club!
You hit the ogre but do no damage.
The ogre is heavily wounded.
The ogre barely misses you.
You hit the ogre.
The ogre is heavily wounded.
The ogre barely misses you.
You hit the ogre.
The ogre is severely wounded.
The ogre misses you.
You hit the ogre but do no damage.
The ogre is severely wounded.
The ogre hits you with a +0 giant club!!
* * * LOW HITPOINT WARNING * * *
You closely miss the ogre.
The ogre is severely wounded.
You hit the ogre.
The ogre is almost dead.
The ogre hits you with a +0 giant club!
You die...

#..........#####..#
#....#.##### ##.#
#....#.# #..
#......# ###
#####.## #######.#
.### ##.......#
..... ##........##
...## #.....@....#
# .. #....O.....#
## #..........#
#..........#
#..........#
##........##
#........# ########
.......... #.....##
#.....#.


You could see an ogre.

Vanquished Creatures
  Robin (D:2)
  6 adders
  2 oozes (D:3)
  4 worms
  2 dart slugs
  7 bats
  4 giant cockroaches
  15 goblins
  13 hobgoblins
  13 jackals
  12 kobolds
  4 quokkas
  2 ball pythons (D:2)
  10 frilled lizards
  7 rats
102 creatures vanquished.

Notes
Turn   | Place    | Note
-------+----------+-------------------------------------------
     0 | D:1      | runemasterragnar the Ogre Monk began the quest for the Orb.
     0 | D:1      | Reached XP level 1. HP: 24/24 MP: 1/1
    82 | D:1      | Reached XP level 2. HP: 15/33 MP: 2/2
   214 | D:1      | Reached XP level 3. HP: 8/41 MP: 3/3
  1041 | D:1      | Reached skill level 5 in Fighting
  1965 | D:2      | Reached XP level 4. HP: 49/50 MP: 4/4
  2593 | D:2      | Identified the -4 helmet "Jeghayle" {rElec rN+ Int-2}
  2593 | D:2      | Noticed Robin
  2922 | D:2      | Killed Robin
  3427 | D:3      | Reached XP level 5. HP: 59/59 MP: 5/5
  3476 | D:3      | Reached skill level 6 in Fighting
  3851 | D:3      | Found a glowing silver altar of Zin.
  3851 | D:3      | Found a white marble altar of Elyvilon.
  3864 | D:3      | Found an ornate altar of the Wu Jian Council.
  5941 | D:4      | Noticed an ice beast
  6048 | D:4      | Noticed an ogre
  6061 | D:4      | Slain by an ogre

Illustrated notes

Levels and vault maps discovered:
D:1:      heliophobic_arrival_ceremonial_halls, layout_basic
D:2:      layout_loops_corners, minmay_heptomino_o4, uniq_robin
D:3:      layout_basic, chequers_temple_overflow_statue_of_worship
D:4:      layout_rooms, lightli_corner_chamber

Skill      XL: |  1  2  3  4  5 |
---------------+----------------+-----
Dodging        | 3 |  3.6
Fighting       | 5 6 |  6.5
Axes           | 4 |  4.0
Stealth        | |  1.4

Action                   |  1- 3 |  4- 6 || total
-------------------------+-------+-------++-------
Melee: Hand axe          |   137 |   268 ||   405
 Stab: Sleeping          |     1 |     4 ||     5
Armor: Robe              |    44 |    69 ||   113
Dodge: Dodged            |    79 |   187 ||   266

Table legend: (Time is in decaauts)
 A = Elapsed time spent in this place.
 B = Non-inter-level travel time spent in this place.
 C = Inter-level travel time spent in this place.
 D = Time resting spent in this place.
 E = Time spent auto-exploring this place.
 F = Levels seen in this place.
 G = Mean time per level.
                   A        B        C        D        E       F      G
               +--------+--------+--------+--------+--------+-----+--------+
         Total |   6111 |   6048 |     63 |   1981 |   3226 |   4 | 1527.8 |
       Dungeon |   6111 |   6048 |     63 |   1981 |   3226 |   4 | 1527.8 |
               +--------+--------+--------+--------+--------+-----+--------+

Top non-repeatable levels by time:
     D:3: 2762 daAuts
     D:2: 1617 daAuts
     D:1: 1489 daAuts
     D:4: 242 daAuts
